 Dungeon Sprint DCSS version 0.21-a0-274-gc1afaeb (webtiles) character file.

19 potatolord6000 the Covered (level 2, -4/37 HPs)
             Began as a Deep Dwarf Fighter on Sept 19, 2017.
             Was an Initiate of Hepliaklqana.
             Slain by a gnoll
             ... wielding a +0 spear
              (6 damage)
             ... in the Dungeon (Sprint VII: "The Pits").
             The game lasted 00:01:05 (195 turns).

potatolord6000 the Covered (Deep Dwarf Fighter)      Turns: 195, Time: 00:01:06

Health: -4/37      AC:  7    Str: 24    XL:     2   Next: 55%
Magic:  2/3        EV:  7    Int:  8    God:    Hepliaklqana [......]
Gold:   0          SH: 10    Dex: 12    Spells: 3/3 levels left

rFire    . . .     SeeInvis .   a - +0 war axe
rCold    . . .     Gourm    .   c - +0 shield
rNeg     . . .     Faith    .   b - +0 scale mail
rPois    .         Spirit   .   (no helmet)
rElec    .         Reflect  .   (no cloak)
rCorr    .         Harm     .   (no gloves)
MR       .....     NoTele   +   (no boots)
Stlth    ..........             (no amulet)
HPRegen  0.00/turn              (no ring)
MPRegen  0.08/turn              (no ring)

@: mighty, berserking (expiring), non-regenerating, hasted, very quick
A: damage resistance, heal wounds, reduced essence, sense surroundings 1, no
regeneration
a: Heal Wounds, Recall Ancestor, Ancestor Identity, Renounce Religion


You were in the Dungeon.
You worshipped Hepliaklqana.
Hepliaklqana was noncommittal.
You were not hungry.

You visited 1 branch

Inventory:

Hand Weapons
 a - a +0 war axe (weapon)
Armour
 b - a +0 scale mail (worn)
 c - a +0 shield (worn)
Scrolls
 k - a scroll of blinking
 m - 3 scrolls of remove curse
 n - 5 scrolls of amnesia
 o - a scroll of summoning
Potions
 e - a potion of curing
 i - 4 potions of magic
 j - 2 potions of berserk rage
 l - 2 potions of invisibility
Comestibles
 f - 8 bread rations
 p - 40 fruits
 q - 7 meat rations


   Skills:
 + Level 3.3 Fighting
 + Level 3.5 Axes
 + Level 4.1 Armour
 + Level 4.1 Shields
 + Level 1.3 Spellcasting


You had 3 spell levels left.
You didn't know any spells.

Dungeon Overview and Level Annotations

Branches:
Dungeon (1/1)

Altars:
Ashenzari
Cheibriados
Dithmenos
Elyvilon
Fedhas
Gozag
Hepliaklqana
Kikubaaqudgha
Makhleb
Nemelex Xobeh
Okawaru
Qazlal
Ru
Sif Muna
Trog
Uskayaw
Vehumet
Wu Jian
Xom
Yredelemnul
Zin
The Shining One
Beogh
Jiyva
Lugonu


Innate Abilities, Weirdness & Mutations

You are resistant to damage.
You can heal yourself by infusing magical energy.
You passively map a small area around you.
You do not regenerate.
Your life essence is reduced to manifest your ancestor. (-10% HP)


Message History

Unknown command.
You closely miss the wolf.
The wolf is heavily wounded.
The wolf bites you!
* * * LOW HITPOINT WARNING * * *
You block the wolf's attack.
The gnoll hits you from afar with a spear.
Tlaloc barely misses the wolf.
You hit the wolf.
The wolf is heavily wounded.
The wolf barely misses you. The gnoll hits you but does no damage.
The wolf bites you!
* * * LOW HITPOINT WARNING * * *
Tlaloc misses the wolf.
Unknown command.
Your shield and scale mail prevent you from hitting the wolf.
The wolf is heavily wounded.
The wolf bites you but does no damage.
The gnoll hits you from afar with a spear!
You die...

#...........'........
#+#####†#####......#.
#..#..# #........
#..'..# ####'####
#..#### *#.......#
#..# ,# #.......#
#..#,.# *#.......#
##R#S.#+###...<...# *
#.@hg....##.......#
#..†.....##.......#
+###########.......#
, , , *######### * ,
* + , , *,+ , , ,,, *


You could see the friendly Tlaloc the ancestor, a wolf, a gnoll and a ball
python.

Vanquished Creatures
  A river rat (D)
  An ufetubus (D)
  A leopard gecko (D)
  A ball python (D)
  A goblin (D)
  A quokka skeleton (D)
  A rat (D)
7 creatures vanquished.

Notes
Turn   | Place    | Note
-------+----------+-------------------------------------------
     0 | D        | potatolord6000 the Deep Dwarf Fighter began the quest for the Orb.
     0 | D        | Reached XP level 1. HP: 20/20 MP: 1/1
    21 | D        | Reached skill level 1 in Spellcasting
    21 | D        | Reached XP level 2. HP: 21/28 MP: 1/3
    49 | D        | Found a bloodstained altar of Trog.
    49 | D        | Found a deep blue altar of Sif Muna.
    49 | D        | Found a viscous altar of Jiyva.
    49 | D        | Found a hazy altar of Hepliaklqana.
    49 | D        | Found an opulent altar of Gozag.
    50 | D        | Found a glowing golden altar of the Shining One.
    50 | D        | Found a glowing silver altar of Zin.
    50 | D        | Found a basalt altar of Yredelemnul.
    50 | D        | Found a shimmering altar of Xom.
    50 | D        | Found an ornate altar of the Wu Jian Council.
    50 | D        | Found a sacrificial altar of Ru.
    50 | D        | Found a stormy altar of Qazlal.
    50 | D        | Found an iron altar of Okawaru.
    50 | D        | Found a sparkling altar of Nemelex Xobeh.
    50 | D        | Found a burning altar of Makhleb.
    50 | D        | Found a blossoming altar of Fedhas.
    50 | D        | Found a white marble altar of Elyvilon.
    50 | D        | Found a shadowy altar of Dithmenos.
    50 | D        | Found a snail-covered altar of Cheibriados.
    52 | D        | Found a radiant altar of Vehumet.
    52 | D        | Found a corrupted altar of Lugonu.
    52 | D        | Found a roughly hewn altar of Beogh.
    54 | D        | Found an ancient bone altar of Kikubaaqudgha.
    54 | D        | Found a hide-covered altar of Uskayaw.
    54 | D        | Found a shattered altar of Ashenzari.
    68 | D        | Became a worshipper of Hepliaklqana the Forgotten
   182 | D        | Noticed a wolf
   195 | D        | Slain by a gnoll

Vault maps used:
D:        pitsprint

Skill      XL: |  1  2 |
---------------+-------+-----
Fighting       | 3 |  3.3
Axes           | 3 |  3.5
Spellcasting   | 1 |  1.3
Armour         | 4 |  4.1
Shields        | 4 |  4.1

Action                   || total
-------------------------++-------
Melee: War axe           ||    29
 Abil: Heal Wounds       ||     1
  Use: Potion            ||     4
Armor: Scale mail        ||    13
Dodge: Dodged            ||    15
Block: Shield            ||    26

Table legend:
 A = Spawn XP
 B = Non-spawn XP
 C = Spawn XP percentage of total XP
 D = Spawn monster count
 E = Non-spawn monster count
 F = Spawn count percentage of total count
 G = Total turns spent on level
                    A         B        C        D         E        F      G
               +---------+---------+-------+---------+---------+-------+---------
         Total |       0 |      28 |   0.0 |       0 |       7 |   0.0 |   195
               +---------+---------+-------+---------+---------+-------+---------
             D |       0 |      28 |   0.0 |       0 |       7 |   0.0 |   195
               +---------+---------+-------+---------+---------+-------+---------
